 Dungeon Crawl Stone Soup version 0.28-a0-925-gd5e1996cdb (webtiles) character file.

Game seed: 17800942737054267684

57 lawman0 the Caller (level 4, 0/30 HPs)
             Began as a Barachi Summoner on Nov 26, 2021.
             Succumbed to an adder's poison
             ... on level 2 of the Dungeon.
             The game lasted 00:04:46 (1773 turns).

lawman0 the Caller (Barachi Summoner)               Turns: 1773, Time: 00:04:46

Health: 0/30       AC:  4    Str:  7 (9)  XL:     4   Next: 0%
Magic:  4/8        EV: 12    Int: 14 (17) God:
Gold:   50         SH:  0    Dex: 12 (14) Spells: 2/8 levels left

rFire   . . .      SeeInvis .   a - +0 long sword
rCold   . . .      Faith    .   (no shield)
rNeg    . . .      Spirit   .   c - +0 robe
rPois   .          Reflect  .   (no helmet)
rElec   .          Harm     .   (no cloak)
rCorr   .          Rampage  .   (no gloves)
Will    .....                   (no boots)
Stlth   ++........              (no amulet)
HPRegen 0.10/turn               (no ring)
MPRegen 0.11/turn               (no ring)

@: lethally poisoned (0 -> -5), slow
A: amphibious, slowness 1, strong legs 1, +LOS, iridescent scales 1, agile 1,
MP-powered wands
a: Hop


You were on level 2 of the Dungeon.
You visited 1 branch of the dungeon, and saw 2 of its levels.

You collected 50 gold pieces.

Inventory:

Hand Weapons
 a - a +0 long sword (weapon)
Armour
 c - a +0 robe (worn)
Scrolls
 d - a scroll of blinking {unknown}
 e - a scroll of brand weapon
 h - a scroll of teleportation
Potions
 f - a potion of curing {unknown}


   Skills:
 + Level 0.3 Fighting
 + Level 0.5 Long Blades
 + Level 2.4 Dodging
 + Level 1.9 Stealth
 + Level 2.8 Spellcasting
 * Level 5.8 Summonings


You had 2 spell levels left.
You knew the following spells:

 Your Spells              Type           Power      Damage    Failure   Level
a - Summon Small Mammal   Summ           72%        N/A       1%          1
b - Call Canine Familiar  Summ           18%        N/A       6%          3
c - Call Imp              Summ           18%        N/A       3%          2

Your spell library contained the following spells:

 Spells                   Type           Power      Damage    Failure   Level
 Sting                    Tmut/Pois      8%         1d3       22%         1
 Poisonous Vapours        Pois/Air       4%         N/A       32%         2
 Summon Guardian Golem    Hex/Summ       10%        N/A       21%         3
 Summon Lightning Spire   Summ/Air       10%        N/A       54%         4
 Olgreb's Toxic Radiance  Pois           2%         N/A       91%         4


Dungeon Overview and Level Annotations

Branches:
Dungeon (2/15)

Altars:
Kikubaaqudgha

Shops:
D:1 (:[(*


Innate Abilities, Weirdness & Mutations

You are amphibious.
You cover ground slowly.
You can hop short distances.
You have an extended range of vision and can be seen from far away.
You are partially covered in iridescent scales. (AC +2)
You are agile. (Dex +2)
You expend magic power (3 MP) to strengthen your wands.


Message History

The adder bites you but does no damage.
You miss the adder.
The adder is heavily wounded.
The adder bites you.
You are poisoned.
The adder poisons you! The adder barely misses you.
Casting: Summon Small Mammal (safe; 1% risk of failure)
Confirm with . or Enter, or press ? or * to list all spells.
You don't know that spell.
You feel sick. The adder bites you.
You are more poisoned.
The adder poisons you!
You feel sick. The adder bites you.
* * * LOW HITPOINT WARNING * * *
You are lethally poisoned!
The adder poisons you!
Casting: Summon Small Mammal (safe; 1% risk of failure)
Confirm with . or Enter, or press ? or * to list all spells.
A shadowy apparition takes form in the air.
* * * LOW HITPOINT WARNING * * *
You feel sick.
Your crimson imp disappears in a puff of smoke!
The adder barely misses you.
You swap places.
A ball python comes into view.
* * * LOW HITPOINT WARNING * * *
You feel very sick. The adder bites your shadow imp.
Your shadow imp hits the adder.
The adder completely misses your shadow imp.
It was a potion of mutation.
You feel extremely strange.
You feel agile.
Iridescent scales grow over part of your body.
You feel your magical essence link to the dungeon's wands.
* * * LOW HITPOINT WARNING * * *
You feel sick. The adder bites your shadow imp.
Your shadow imp misses the adder.
It was a potion of degeneration.
There was something very wrong with that liquid.
You feel weakened.
You feel dopey.
You feel clumsy.
You die...

...##..#########...#
#.###
...###...###.....#.#
##.# ...#
###.##.....##.# #..#
.#...# #.........#.#
#.## .###.#
###.......#.# #.# .#
..##>........#.######.#
.#
.##.##.....##........#
>#
#......[...#....#####
.# ... #...^..@#....#
.. #... #.......5S...#
#.. ##...........# ...
.........#....# ...
S.....#....#..#
.##.####..###..# #.
#..# ##..# . ..... ...#
# ##.#.. !#.#


You could see an adder (ally target), a ball python (asleep) and a friendly
shadow imp (summoned).

Vanquished Creatures
  An adder (D:2)
  A dart slug (D:1)
  A giant cockroach (D:1)
  A goblin (D:1)
  3 hobgoblins
  A quokka (D:1)
  A ball python (D:1)
  4 bats
  3 frilled lizards
  A rat (D:1)
17 creatures vanquished.

Vanquished Creatures (collateral kills)
  4 bats (D:1)
  An endoplasm (D:1)
  3 giant cockroaches
  4 goblins (D:1)
  4 hobgoblins
  3 jackals (D:1)
  2 kobolds (D:1)
  A frilled lizard (D:2)
  3 rats (D:1)
25 creatures vanquished.

Vanquished Creatures (others)
  A plant (D:1)
1 creature vanquished.

Grand Total: 43 creatures vanquished

Notes
Turn   | Place    | Note
-------+----------+-------------------------------------------
     0 | D:1      | lawman0 the Barachi Summoner began the quest for the Orb.
     0 | D:1      | Reached XP level 1. HP: 13/13 MP: 3/3
    15 | D:1      | Found Jaugg's Antique Weapon Emporium.
    36 | D:1      | Reached skill level 5 in Summonings
    59 | D:1      | Reached XP level 2. HP: 19/19 MP: 0/5
    94 | D:1      | Found Vujuocus's Armour Emporium.
   108 | D:1      | Found Duefuc's Book Shop.
   574 | D:1      | Reached XP level 3. HP: 22/24 MP: 3/6
   578 | D:1      | Learned a level 3 spell: Call Canine Familiar
   581 | D:1      | Learned a level 2 spell: Call Imp
   886 | D:1      | Found Qacu's Antique Weapon Boutique.
  1323 | D:1      | Found Lesa's General Store.
  1350 | D:1      | sick
  1551 | D:2      | Found an ancient bone altar of Kikubaaqudgha.
  1762 | D:2      | Reached XP level 4. HP: 19/30 MP: 4/8
  1772 | D:2      | Gained mutation: You are agile. (Dex +2) [potion of
                  | mutation]
  1772 | D:2      | Gained mutation: You are partially covered in iridescent
                  | scales. (AC +2) [potion of mutation]
  1772 | D:2      | Gained mutation: You expend magic power (3 MP) to
                  | strengthen your wands. [potion of mutation]
  1772 | D:2      | HP: 1/30 [poisoned by an adder]
  1773 | D:2      | Succumbed to an adder's poison

Illustrated notes

.)### ##..###########.... ....#
####................(.
..#.########..>.#############....
.............##### #....
....########## #.# #####
.....∩##########.#
#...#..).........# ###########
#...>.∩..######..# #..........
..#......### #.@######..........
...........####..................
...............#######...........
....................#............
#..#.......PP...###.#..#####...##
##.#.......P∩P...........#...###
##.####.....P...#.............#
##..................(.......#.##
......#.##.....................##


Turn 1350 on D:1: sick

Levels and vault maps discovered:
D:1:      minmay_arrival_five_plusses, layout_rooms, serial_shops,
          nicolae_shop_overgrown_old_shop, shop, nicolae_shop_statue_plus, shop,
          shop, minmay_misc_feat_rugged
D:2:      layout_rooms, basic_altar, nicolae_ecumenical_snake_handling

Skill      XL: |  1 |
---------------+----+-----
Summonings     | 5 |  5.8
Fighting       | |  0.3
Long Blades    | |  0.5
Dodging        | |  2.4
Stealth        | |  1.9
Spellcasting   | |  2.8

Action                   |  1- 3 |  4- 6 || total
-------------------------+-------+-------++-------
Melee: Unarmed           |     4 |       ||     4
       Club              |    11 |       ||    11
       Long sword        |    63 |     1 ||    64
 Cast: Summon Small Mamm |    22 |       ||    22
       Call Imp          |     8 |     1 ||     9
  Use: Scroll            |     2 |       ||     2
       Potion            |       |     2 ||     2
Armor: Robe              |    39 |     1 ||    40
Dodge: Dodged            |   116 |     2 ||   118

Table legend: (Time is in decaauts)
 A = Elapsed time spent in this place.
 B = Non-inter-level travel time spent in this place.
 C = Inter-level travel time spent in this place.
 D = Time resting spent in this place.
 E = Time spent auto-exploring this place.
 F = Levels seen in this place.
 G = Mean time per level.
                   A        B        C        D        E       F      G
               +--------+--------+--------+--------+--------+-----+--------+
         Total |   1938 |   1889 |     49 |    515 |    908 |   2 |  969.0 |
       Dungeon |   1938 |   1889 |     49 |    515 |    908 |   2 |  969.0 |
               +--------+--------+--------+--------+--------+-----+--------+

Top non-repeatable levels by time:
     D:1: 1518 daAuts
     D:2: 420 daAuts
